AoeStats
← 海旋风

Lombardia

507708584Analyzed
4v4 RM · 12d ago on Sep 19, 2026· 59m 10s· 8 players
Game mode
Random Map
Map size
Large (8 player)
Population
200
Speed
Normal
Resources
Standard
Victory
Conquest
Starting age
Dark Age
Ending age
Imperial Age
RankedLock teamsTeams togetherTeam positionsShared explorationLock speedFull tech treeHidden civsTurbo modeCheats
Victory
Defeat
🇩🇪 Spanish · Germany
897
+10
🇮🇳 Japanese · India
882
+10
🇬🇧 Malians · United Kingdom
860
+11
🇨🇳 Franks · China
839
+13
🇫🇮 Berbers · Finland
797
-12
🇫🇮 Teutons · Finland
790
-12
🇫🇮 Franks · Finland
745
-11
🇫🇮 Vietnamese · Finland
688
-9
xZeyyy
11:10 Feudal Age
11:49 Double-Bit Axe
18:24 Castle Age
16:09 Horse Collar
17:18 Stone Mining
18:51 Wheelbarrow
23:27 Squires
25:12 Pikeman
28:48 Gold Mining
29:44 Hand Cart
29:18 Loom
33:04 Imperial Age
32:08 Town Watch
33:21 Ballistics
33:09 Scale Mail Armor
33:19 Forging
33:15 Scale Barding Armor
33:01 Fletching
33:33 Bow Saw
34:06 Elite Conquistador
36:22 Conscription
38:07 Chain Mail Armor
38:28 Iron Casting
38:15 Chain Barding Armor
39:09 Chemistry
39:16 Two-Man Saw
38:20 Heavy Plow
42:47 Caravan
45:14 Plate Mail Armor
45:45 Blast Furnace
45:20 Plate Barding Armor
44:41 Bodkin Arrow
45:20 Bombard Tower
45:10 Halberdier
45:36 Arson
46:00 Husbandry
46:11 Bloodlines
47:58 Cavalier
Electic
9:13 Loom
11:16 Feudal Age
11:49 Feudal Age
15:01 Double-Bit Axe
15:03 Horse Collar
17:39 Castle Age
17:03 Wheelbarrow
18:35 Wheelbarrow
32:20 Imperial Age
30:09 Hand Cart
31:00 Forging
30:51 Scale Mail Armor
30:42 Fletching
30:43 Town Watch
31:44 Squires
31:30 Arson
31:07 Pikeman
32:44 Iron Casting
32:17 Heavy Plow
32:31 Bow Saw
32:51 Chain Mail Armor
33:33 Conscription
33:36 Kataparuto
33:15 Bodkin Arrow
33:51 Ballistics
33:28 Murder Holes
33:16 Treadmill Crane
34:06 Town Patrol
35:38 Blast Furnace
34:45 Halberdier
35:30 Gambesons
36:21 Plate Mail Armor
36:07 Masonry
37:18 Two-Man Saw
36:33 Caravan
38:12 Hoardings
41:12 Bracer
40:37 Elite Samurai
41:21 Yasama
41:28 Padded Archer Armor
41:35 Scale Barding Armor
42:46 Chemistry
41:57 Fortified Wall
41:54 Siege Engineers
42:00 Devotion
42:22 Block Printing
42:20 Fervor
42:41 Illumination
42:15 Herbal Medicine
43:00 Theocracy
46:22 Man-at-Arms
49:19 Long Swordsman
50:21 Two-Handed Swordsman
51:55 Champion
海旋风
9:28 Loom
11:38 Feudal Age
15:13 Wheelbarrow
20:19 Castle Age
22:03 Double-Bit Axe
21:48 Light Cavalry
22:28 Husbandry
23:51 Hand Cart
26:39 Town Watch
27:22 Bow Saw
29:31 Pikeman
30:11 Squires
31:44 Town Patrol
32:02 Gold Mining
32:02 Stone Mining
34:25 Gold Shaft Mining
36:38 Imperial Age
36:41 Squires
36:26 Arson
38:23 Chemistry
37:21 Murder Holes
37:13 Arrowslits
37:41 Fortified Wall
36:57 Cavalier
40:20 Paladin
41:37 Heavy Scorpion
43:53 Forging
43:34 Fletching
43:44 Scale Mail Armor
43:45 Padded Archer Armor
43:50 Scale Barding Armor
47:08 Caravan
48:25 Hoardings
50:43 Bodkin Arrow
51:09 Chain Barding Armor
51:25 Iron Casting
51:06 Leather Archer Armor
51:07 Chain Mail Armor
51:45 Herbal Medicine
57:51 Conscription
57:33 Chivalry
gazza17
8:30 Loom
10:56 Feudal Age
15:48 Castle Age
15:04 Double-Bit Axe
16:51 Forging
26:28 Wheelbarrow
26:37 Scale Barding Armor
28:12 Horse Collar
28:50 Bow Saw
31:06 Gold Mining
31:41 Heavy Plow
32:02 Hand Cart
37:07 Bloodlines
40:22 Imperial Age
38:06 Caravan
38:30 Bloodlines
38:21 Husbandry
39:21 Chain Barding Armor
41:16 Iron Casting
41:47 Plate Barding Armor
41:36 Conscription
41:18 Farimba
41:07 Heavy Camel Rider
42:04 Elite Gbeto
44:00 Scale Mail Armor
46:44 Fletching
47:10 Chain Mail Armor
58:11 Plate Mail Armor
Eemi8
10:55 Feudal Age
11:22 Double-Bit Axe
11:21 Horse Collar
13:58 Bloodlines
19:51 Castle Age
21:54 Heavy Plow
21:51 Gold Mining
22:11 Scale Barding Armor
23:56 Bow Saw
23:54 Squires
25:43 Forging
33:46 Imperial Age
31:51 Arson
31:27 Pikeman
33:34 Wheelbarrow
34:55 Conscription
35:40 Chain Barding Armor
35:56 Iron Casting
35:01 Cavalier
45:00 Paladin
Juha Wrekter
11:04 Feudal Age
12:30 Wheelbarrow
14:06 Loom
18:29 Double-Bit Axe
18:29 Horse Collar
24:19 Castle Age
30:11 Bow Saw
32:20 Fletching
32:38 Squires
31:59 Pikeman
32:49 Heavy Plow
33:51 Bodkin Arrow
34:03 Padded Archer Armor
34:10 Scale Barding Armor
34:09 Scale Mail Armor
35:53 Thumb Ring
35:19 Elite Skirmisher
35:26 Elite Skirmisher
36:11 Husbandry
36:23 Bloodlines
39:06 Hand Cart
39:12 Forging
39:23 Chatras
39:29 Chatras
40:41 Chain Barding Armor
42:03 Chain Mail Armor
42:24 Iron Casting
43:21 Caravan
48:39 Imperial Age
48:44 Imperial Skirmisher
50:31 Paper Money
49:37 Elite Battle Elephant
49:41 Elite Rattan Archer
51:57 Ballistics
51:25 Halberdier
Nahkakikkeli
4:18 Loom
11:42 Feudal Age
21:02 Castle Age
20:25 Forging
20:15 Scale Mail Armor
20:51 Double-Bit Axe
21:42 Bloodlines
22:47 Scale Barding Armor
26:55 Bow Saw
26:27 Horse Collar
27:01 Husbandry
26:42 Pikeman
27:23 Squires
29:15 Caravan
32:38 Chain Barding Armor
32:54 Iron Casting
39:18 Imperial Age
39:22 Arson
39:48 Kasbah
40:28 Heavy Plow
40:25 Gold Mining
40:20 Capped Ram
42:27 Heavy Camel Rider
45:36 Elite Camel Archer
46:37 Conscription
46:18 Maghrebi Camels
46:57 Chain Mail Armor
47:42 Blast Furnace
47:21 Plate Barding Armor
46:39 Fletching
46:49 Padded Archer Armor
53:00 Chemistry
52:21 Ballistics
51:35 Elite Genitour
53:11 Bodkin Arrow
53:31 Leather Archer Armor
55:16 Light Cavalry
Pyllynall3
10:31 Feudal Age
14:26 Double-Bit Axe
24:18 Castle Age
23:04 Stone Mining
23:05 Gold Mining
26:15 Bow Saw
26:30 Squires
26:35 Husbandry
30:21 Pikeman
33:00 Gold Shaft Mining
32:44 Scale Barding Armor
34:14 Wheelbarrow
34:57 #83
37:39 Hand Cart
40:40 Imperial Age
40:09 Chain Barding Armor
42:25 Cavalier
44:12 Paladin
45:15 Chivalry
46:07 Plate Barding Armor
45:22 Light Cavalry
46:31 Scale Mail Armor
46:51 Caravan
47:51 Conscription
48:47 Forging
48:00 Halberdier
52:39 Elite Throwing Axeman
57:54 Onager
Connection lost

Rejoining the realm…

Still unreachable

The connection could not be restored.

Session expired

The server has moved on; the page needs a fresh start.